 Dungeon Crawl Stone Soup version 0.26.1 (webtiles) character file.

Game seed: 9457958719634881840

74 hawla the Conjurer (level 4, 0/33 HPs)
             Began as a Draconian Conjurer on Feb 5, 2021.
             Succumbed to an adder's poison
             ... on level 3 of the Dungeon.
             The game lasted 00:04:08 (1386 turns).

hawla the Conjurer (Draconian Conjurer)             Turns: 1386, Time: 00:04:09

Health: 0/33       AC:  5    Str:  6 (9)  XL:     4   Next: 10%
Magic:  7/8        EV: 12    Int: 16 (19) God:
Gold:   154        SH:  0    Dex:  7 (10) Spells: 5/8 levels left

rFire    . . .     SeeInvis .   (no weapon)
rCold    . . .     Faith    .   (no shield)
rNeg     . . .     Spirit   .   (armour unavailable)
rPois    .         Reflect  .   (helmet restricted)
rElec    .         Harm     .   (no cloak)
rCorr    .         Rampage  .   (no gloves)
Will     .....                  (no boots)
Stlth    +.........             b - amulet of magic regeneration
HPRegen  0.11/turn              (no ring)
MPRegen  0.36/turn              (no ring)

@: mighty, brilliant, lethally poisoned (0 -> -2), flying, very slightly
contaminated, invisible
A: unfitting armour, cold-blooded, AC +5
a: no special abilities


You were on level 3 of the Dungeon.
You visited 1 branch of the dungeon, and saw 4 of its levels.

You collected 154 gold pieces.

Inventory:

Missiles
 g - 10 poisoned darts
Armour
 e - a +0 buckler
Jewellery
 b - an amulet of magic regeneration (around neck)
 f - an uncursed ring of stealth {unknown}
Scrolls
 a - a scroll of blinking
 h - a scroll of remove curse
 l - a scroll of fear


   Skills:
 - Level 1.7 Dodging
 - Level 1.7 Stealth
 + Level 1.1 Shields
 + Level 2.7 Spellcasting
 * Level 5.0 Conjurations


You had 5 spell levels left.
You knew the following spells:

 Your Spells              Type           Power        Failure   Level
a - Magic Dart            Conj           100%         2%          1
b - Searing Ray           Conj           54%          3%          2

Your spell library contained the following spells:

 Spells                   Type           Power        Failure   Level
 Dazzling Flash           Conj/Hex       30%          21%         3
 Fulminant Prism          Conj/Hex       7%           56%         4
 Iskenderun's Mystic Bla  Conj/Tloc      15%          56%         4


Dungeon Overview and Level Annotations

Branches:
Dungeon (4/15)
 Temple: D:4-7

Altars:


Innate Abilities, Weirdness & Mutations

Your plain brown scales are hard. (AC +5)
You cannot fit into any form of body armour.
You are cold-blooded and may be slowed by cold attacks.


Message History

(Press . to maintain the ray.)
* * * LOW HITPOINT WARNING * * *
You feel sick.
You have reached level 4!
You feel agile.
You see here an adder corpse.
* * * LOW HITPOINT WARNING * * *
You feel sick.
* * * LOW HITPOINT WARNING * * *
You feel sick.
* * * LOW HITPOINT WARNING * * *
You feel sick.
You see here 23 stones.
* * * LOW HITPOINT WARNING * * *
You feel sick.
There is a lethal amount of poison in your body!
You see here 23 stones.
* * * LOW HITPOINT WARNING * * *
You feel sick.
You die...

#.# #.# #.# ##########
#.# #........# #.#
#.♣♣..♣♣.# #.#
#.♣8).8♣.###.#
#....(...'.#.#
#...(...@'...#
#.♣8..8♣.#.###
#.♣♣..♣♣.#.#
###........#.#
##.##########.#
##>#.#.###.###.#######
#.##...[............[#
##.###.#######........
##.#.## #######..


There were no monsters in sight!

Vanquished Creatures
  4 adders
  An ooze (D:1)
  3 dart slugs (D:1)
  A worm (D:2)
  2 leopard geckos (D:3)
  3 giant cockroaches (D:2)
  A hobgoblin (D:1)
  2 kobolds
  A quokka (D:2)
  3 bats
  4 frilled lizards
  A goblin (D:1)
  3 rats
29 creatures vanquished.

Notes
Turn   | Place    | Note
-------+----------+-------------------------------------------
     0 | D:1      | hawla the Draconian Conjurer began the quest for the Orb.
     0 | D:1      | Reached XP level 1. HP: 14/14 MP: 3/3
   179 | D:1      | Reached XP level 2. HP: 20/20 MP: 1/5
   227 | D:1      | Learned a level 2 spell: Searing Ray
   922 | D:2      | Reached XP level 3. HP: 23/26 MP: 2/6
  1194 | D:2      | You fall into a shaft and drop 2 floors!
  1358 | D:3      | Reached skill level 1 in Shields
  1358 | D:3      | Reached skill level 5 in Conjurations
  1374 | D:3      | Reached XP level 4. HP: 5/33 MP: 2/8
  1383 | D:3      | HP: 1/33 [poisoned by an adder]
  1386 | D:3      | Succumbed to an adder's poison

Illustrated notes

Levels and vault maps discovered:
D:1:      tarquinn_simple_flora_water_c, layout_basic, minivault_19
D:2:      layout_basic, minmay_misc_feat_tiny, minmay_octomino_e4
D:3:      layout_loops_ring, kennysheep_generic_room_5
D:4:      layout_loops_cross

Skill      XL: |  1  2  3 |
---------------+----------+-----
Shields        | 1 |  1.1
Conjurations   | 5 |  5.0
Dodging        | |  1.7
Stealth        | |  1.7
Spellcasting   | |  2.7

Action                   |  1- 3 |  4- 6 || total
-------------------------+-------+-------++-------
Melee: Unarmed           |    18 |       ||    18
       Tailslap          |     1 |       ||     1
 Cast: Magic Dart        |    42 |       ||    42
       Searing Ray       |    17 |       ||    17
  Use: Scroll            |     4 |       ||     4
       Potion            |     5 |       ||     5
Armor: Skin              |     9 |       ||     9
Dodge: Dodged            |    23 |       ||    23
